 Dungeon Crawl Stone Soup version 0.21.1-1-g345015f (webtiles) character file.

233 Monsterracer the Chiller (level 6, -1/44 HPs)
             Began as a Gnoll Ice Elementalist on Feb 8, 2018.
             Was a Follower of Uskayaw.
             Slain by Grinder (3 damage)
             ... while paralysed by Grinder
             ... on level 3 of the Dungeon.
             The game lasted 00:04:04 (2628 turns).

Monsterracer the Chiller (Gnoll Ice Elementalist)   Turns: 2628, Time: 00:04:06

Health: -1/44      AC: 10    Str: 12    XL:     6   Next: 4%
Magic:  2/13       EV:  2    Int: 17    God:    Uskayaw [*.....]
Gold:   144        SH:  0    Dex: 21    Spells: 3/15 levels left

rFire    . . .     SeeInvis .   n - +3 short sword (vamp)
rCold    . . .     Gourm    .   (no shield)
rNeg     . . .     Faith    .   l - +0 leather armour
rPois    .         Spirit   .   o - +0 helmet
rElec    .         Reflect  .   (no cloak)
rCorr    .         Harm     .   (no gloves)
MR       .....     Rnd*Tele +   (no boots)
Stlth    +++.......             (no amulet)
HPRegen  0.14/turn              b - ring of teleportation (curse)
MPRegen  0.13/turn              m - +5 ring of dexterity

@: paralysed, icy armour, slow
A: distributed training, fangs 1, strong nose
a: Stomp, Renounce Religion


You were on level 3 of the Dungeon.
You worshipped Uskayaw.
Uskayaw was noncommittal.
You were not hungry.

You visited 1 branch of the dungeon, and saw 3 of its levels.

You collected 144 gold pieces.

Inventory:

Hand Weapons
 n - a +3 vampiric short sword (weapon)
Armour
 a - a +0 robe
 l - a +0 leather armour (worn)
 o - a +0 helmet (worn)
Jewellery
 b - a cursed ring of teleportation (left hand)
 f - an uncursed ring of flight
 m - a +5 ring of dexterity (right hand)
Scrolls
 d - 2 scrolls of identify
Potions
 e - a potion of brilliance
 g - 2 potions of heal wounds
 h - a potion of flight
 p - a potion of lignification
 r - a potion of magic
Comestibles
 c - 6 rations


   Skills:
 + Level 1.7 Fighting
 + Level 1.7 Short Blades
 + Level 1.7 Long Blades
 + Level 1.7 Axes
 + Level 1.7 Maces & Flails
 + Level 1.7 Polearms
 + Level 1.7 Staves
 + Level 1.7 Slings
 + Level 1.7 Bows
 + Level 1.7 Crossbows
 + Level 1.7 Throwing
 + Level 1.7 Armour
 + Level 4.9 Dodging
 + Level 4.5 Stealth
 + Level 1.7 Shields
 + Level 1.7 Unarmed Combat
 + Level 5.2 Spellcasting
 + Level 2.5 Conjurations
 + Level 1.3 Hexes
 + Level 1.3 Charms
 + Level 1.3 Summonings
 + Level 1.3 Necromancy
 + Level 1.3 Translocations
 + Level 1.3 Transmutations
 + Level 1.3 Fire Magic
 + Level 5.6 Ice Magic
 + Level 1.3 Air Magic
 + Level 1.3 Earth Magic
 + Level 1.3 Poison Magic
 + Level 1.9 Invocations
 + Level 1.7 Evocations


You had 3 spell levels left.
You knew the following spells:

 Your Spells              Type           Power        Failure   Level  Hunger
a - Freeze                Ice            ###.         1%          1    None
b - Throw Icicle          Conj/Ice       ###.....     32%         4    ####...
c - Ozocubu's Armour      Chrm/Ice       ###.....     13%         3    ###....
d - Summon Ice Beast      Ice/Summ       ###.....     38%         4    ####...


Dungeon Overview and Level Annotations

Branches:
Dungeon (3/15)

Altars:
Uskayaw

Annotations:
D:3 Grinder


Innate Abilities, Weirdness & Mutations

Your experience applies equally to all skills.
You have very sharp teeth.
Your uncanny sense of smell can sniff out nearby items.


Message History

* * * LOW HITPOINT WARNING * * *
You writhe in agony.
* * * LOW HITPOINT WARNING * * *
Grinder blinks!
You can move again.
You take 30 damage, and have 10/44 hp.
MASSIVE DAMAGE!!
You now have 12/13 mp.
Unknown command.
Unknown command.
Casting: Freeze
Confirm with . or Enter, or press ? or * to list all spells.
Okay, then.
Casting: Freeze
Confirm with . or Enter, or press ? or * to list all spells.
A film of ice covers your body!
You now have 10/13 mp.
Casting: Ozocubu's Armour
Confirm with . or Enter, or press ? or * to list all spells.
Okay, then.
Casting: Ozocubu's Armour
Confirm with . or Enter, or press ? or * to list all spells.
Aiming: Throw Icicle
Press: ? - help, Shift-Dir - straight line, f/p - Grinder
Aim: Grinder The shard of ice misses Grinder.
You now have 6/13 mp.
Casting: Throw Icicle
Confirm with . or Enter, or press ? or * to list all spells.
Aiming: Throw Icicle
Press: ? - help, Shift-Dir - straight line, f/p - Grinder
Aim: Grinder The shard of ice misses Grinder.
All of the chunks of flesh in your inventory have rotted away.
You now have 2/13 mp.
Casting: Throw Icicle
Confirm with . or Enter, or press ? or * to list all spells.
You don't have enough magic to cast that spell.
Casting: Throw Icicle
Confirm with . or Enter, or press ? or * to list all spells.
Aiming: Freeze
Press: ? - help, Shift-Dir - straight line, f/p - Grinder
Aim: Grinder You freeze Grinder.
Grinder completely resists.
Grinder blinks!
You now have 1/13 mp.
Grinder gestures at you.
You suddenly lose the ability to move!
You can move again.
Unknown command.
Grinder misses you.
A bat comes into view.
Grinder gestures at you.
You suddenly lose the ability to move!
Found a stone staircase leading down.
Grinder blinks! x2
You can move again.
Grinder gestures at you. You resist with significant effort.
There is a stone staircase leading up here.
You hit Grinder.
Grinder is lightly wounded.
Grinder hits you but does no damage.
You barely miss Grinder.
Grinder is lightly wounded.
Grinder barely misses you.
You completely miss Grinder.
Grinder is lightly wounded.
Grinder hits you.
* * * LOW HITPOINT WARNING * * *
You writhe in agony.
* * * LOW HITPOINT WARNING * * *
You take 7 damage, and have 6/44 hp.
Casting: Freeze
Confirm with . or Enter, or press ? or * to list all spells.
Aiming: Freeze
Press: ? - help, Shift-Dir - straight line, f - bat, p - Grinder
Aim: a bat You freeze the bat.
The bat is moderately wounded.
The bat barely misses you. Grinder hits you.
* * * LOW HITPOINT WARNING * * *
You writhe in agony.
* * * LOW HITPOINT WARNING * * *
You take 4 damage, and have 2/44 hp.
You now have 3/13 mp.
Casting: Freeze
Confirm with . or Enter, or press ? or * to list all spells.
Aiming: Freeze
Press: ? - help, Shift-Dir - straight line, f/p - bat
Aim: a bat (moderately wounded)
You freeze the bat.
You kill the bat!
Grinder gestures at you. You resist with significant effort.
You now have 2/13 mp.
You barely miss Grinder.
Grinder is lightly wounded.
Grinder closely misses you.
You barely miss Grinder.
Grinder is lightly wounded.
Grinder gestures at you.
You suddenly lose the ability to move!
Grinder hits you.
You die...

#.#....#.........##
#.......####......#
###)......####......#
#...................#
#............#...ยง..##
#..........#....#....##
#...............#......
#.............5.....##.
#..........###.@.##..#
##..........#
#.........
#...........#
#..###.#..
#......)....# #..# ..
#...........# #.># #
#...#.####### #...
#..##.# #.#. #.###!#
..#.. #.# #.#


You could see Grinder.

Vanquished Creatures
  A scorpion (D:2)
  A centaur skeleton (D:3)
  Natasha (twice) (D:2)
  Terence (D:3)
  3 adders (D:2)
  An ooze (D:2)
  7 bats
  4 giant cockroaches
  6 hobgoblins
  7 jackals (D:2)
  4 kobolds
  4 frilled lizards
  5 goblins
  5 rats
51 creatures vanquished.

Notes
Turn   | Place    | Note
-------+----------+-------------------------------------------
     0 | D:1      | Monsterracer the Gnoll Ice Elementalist began the quest for the Orb.
     0 | D:1      | Reached XP level 1. HP: 13/13 MP: 6/6
   208 | D:1      | Reached XP level 2. HP: 15/19 MP: 5/7
  1000 | D:2      | Reached XP level 3. HP: 23/25 MP: 2/9
  1006 | D:2      | Reached skill level 5 in Spellcasting
  1093 | D:2      | Learned a level 3 spell: Ozocubu's Armour
  1102 | D:2      | Reached skill level 1 in Invocations
  1268 | D:2      | Noticed a scorpion
  1277 | D:2      | Killed a scorpion
  1277 | D:2      | Reached skill level 1 in Fighting
  1277 | D:2      | Reached skill level 1 in Short Blades
  1277 | D:2      | Reached skill level 1 in Long Blades
  1277 | D:2      | Reached skill level 1 in Axes
  1277 | D:2      | Reached skill level 1 in Maces & Flails
  1277 | D:2      | Reached skill level 1 in Polearms
  1277 | D:2      | Reached skill level 1 in Staves
  1277 | D:2      | Reached skill level 1 in Slings
  1277 | D:2      | Reached skill level 1 in Bows
  1277 | D:2      | Reached skill level 1 in Crossbows
  1277 | D:2      | Reached skill level 1 in Throwing
  1277 | D:2      | Reached skill level 1 in Armour
  1277 | D:2      | Reached skill level 1 in Shields
  1277 | D:2      | Reached skill level 1 in Unarmed Combat
  1277 | D:2      | Reached skill level 1 in Hexes
  1277 | D:2      | Reached skill level 1 in Charms
  1277 | D:2      | Reached skill level 1 in Summonings
  1277 | D:2      | Reached skill level 1 in Necromancy
  1277 | D:2      | Reached skill level 1 in Translocations
  1277 | D:2      | Reached skill level 1 in Transmutations
  1277 | D:2      | Reached skill level 1 in Fire Magic
  1277 | D:2      | Reached skill level 1 in Air Magic
  1277 | D:2      | Reached skill level 1 in Earth Magic
  1277 | D:2      | Reached skill level 1 in Poison Magic
  1277 | D:2      | Reached skill level 1 in Evocations
  1277 | D:2      | Reached XP level 4. HP: 32/32 MP: 6/11
  1281 | D:2      | Found a hide-covered altar of Uskayaw.
  1295 | D:2      | Became a worshipper of Uskayaw the Reveler
  1337 | D:2      | Learned a level 4 spell: Throw Icicle
  1341 | D:2      | Reached * piety under Uskayaw
  1347 | D:2      | Learned a level 4 spell: Summon Ice Beast
  1436 | D:2      | Noticed Natasha
  1441 | D:2      | Killed Natasha
  1441 | D:2      | Reached XP level 5. HP: 35/37 MP: 6/12
  1441 | D:2      | Reached ** piety under Uskayaw
  1539 | D:2      | Noticed Natasha
  1549 | D:2      | Killed Natasha
  2100 | D:2      | Found a hide-covered altar of Uskayaw.
  2366 | D:3      | Noticed Terence
  2375 | D:3      | Killed Terence
  2451 | D:3      | Reached XP level 6. HP: 27/44 MP: 13/13
  2586 | D:3      | Noticed Grinder
  2594 | D:3      | Paralysed by Grinder for 7 turns
  2597 | D:3      | HP: 20/44 [Grinder (6)]
  2606 | D:3      | Paralysed by Grinder for 3 turns
  2616 | D:3      | Paralysed by Grinder for 3 turns
  2623 | D:3      | HP: 9/44 [Grinder (4)]
  2624 | D:3      | HP: 3/44 [Grinder (4)]
  2627 | D:3      | Paralysed by Grinder for 7 turns
  2628 | D:3      | Slain by Grinder

Skill      XL: |  1  2  3 |
---------------+----------+-----
Conjurations   | 2 |  2.5
Spellcasting   | 5 |  5.2
Invocations    | 1 |  1.9
Fighting       | 1 |  1.7
Short Blades   | 1 |  1.7
Long Blades    | 1 |  1.7
Axes           | 1 |  1.7
Maces & Flails | 1 |  1.7
Polearms       | 1 |  1.7
Staves         | 1 |  1.7
Slings         | 1 |  1.7
Bows           | 1 |  1.7
Crossbows      | 1 |  1.7
Throwing       | 1 |  1.7
Armour         | 1 |  1.7
Shields        | 1 |  1.7
Unarmed Combat | 1 |  1.7
Hexes          | 1 |  1.3
Charms         | 1 |  1.3
Summonings     | 1 |  1.3
Necromancy     | 1 |  1.3
Translocations | 1 |  1.3
Transmutations | 1 |  1.3
Fire Magic     | 1 |  1.3
Air Magic      | 1 |  1.3
Earth Magic    | 1 |  1.3
Poison Magic   | 1 |  1.3
Evocations     | 1 |  1.7
Dodging        | |  4.9
Stealth        | |  4.5
Ice Magic      | |  5.6

Action                   |  1- 3 |  4- 6 || total
-------------------------+-------+-------++-------
Melee: Unarmed           |     4 |       ||     4
       Bite              |     4 |     9 ||    13
       Mace              |     9 |       ||     9
       Short sword       |     8 |    52 ||    60
       Punch             |       |     1 ||     1
 Cast: Freeze            |    34 |    19 ||    53
       Ozocubu's Armour  |       |     3 ||     3
       Throw Icicle      |       |     2 ||     2
  Use: Scroll            |       |    11 ||    11
 Stab: Distracted        |     1 |     1 ||     2
       Sleeping          |       |     5 ||     5
  Eat: Ration            |     2 |       ||     2
       Chunk             |       |     3 ||     3
Armor: Robe              |     3 |       ||     3
       Leather armour    |     3 |    14 ||    17
Dodge: Dodged            |    42 |    46 ||    88

Vault maps used:
D:1:      eino_arrival_cavern_a
D:2:      eat_drink_and_be_merry_uskayaw, uniq_natasha
D:3:      first_ration, uniq_grinder, uniq_terence
